 Seeded DCSS version 0.30.1-9-gdf580d7c3d (webtiles) character file.

Game seed: 9106806156630997546 (custom seed)

45 Psyclone the Conjurer (level 3, -2/19 HPs)
             Began as a Deep Elf Conjurer on Sept 25, 2023.
             Slain by a goblin
             ... wielding a +0 dagger
             ... led by Robin
              (3 damage)
             ... on level 2 of the Dungeon.
             The game lasted 00:02:48 (1187 turns).

Psyclone the Conjurer (Deep Elf Conjurer)           Turns: 1187, Time: 00:02:49

Health: -2/19      AC:  2    Str:  4    XL:     3   Next: 42%
Magic:  0/9        EV: 12    Int: 24    God:
Gold:   68         SH:  0    Dex: 13    Spells: 5/8 levels left

rFire   . . .        a - +0 falchion
rCold   . . .        (no shield)
rNeg    . . .        j - +0 robe
rPois   +            (no helmet)
rElec   .            (no cloak)
rCorr   .            (no gloves)
SInv    .            (no boots)
Will    .....        (no amulet)
Stlth   ++           i - ring of poison resistance
HPRegen 0.23/turn    (no ring)
MPRegen 0.11/turn

%: no passive effects
@: no status effects
A: no striking features
a: no special abilities


You were on level 2 of the Dungeon.
You visited 1 branch of the dungeon, and saw 2 of its levels.

You collected 68 gold pieces.

Inventory:

Hand Weapons
 a - a +0 falchion (weapon)
Armour
 j - a +0 robe (worn)
Jewellery
 i - a ring of poison resistance (left hand)
Scrolls
 c - a scroll of teleportation {unknown}
 d - a scroll of blinking {unknown}
 k - a scroll of noise {unknown}
Potions
 b - a potion of magic
 e - 3 potions of curing {unknown}
 f - a potion of berserk rage {unknown}
 g - 4 potions of brilliance {unknown}
 h - a potion of lignification {unknown}
 l - a potion of attraction {unknown}
 m - 2 potions of might {unknown}
 n - a potion of haste {unknown}


   Skills:
 - Level 2.4 Dodging
 - Level 2.4 Stealth
 - Level 3.0 Spellcasting
 + Level 5.8 Conjurations


You had 5 spell levels left.
You knew the following spells:

 Your Spells              Type           Power      Damage    Failure   Level
a - Magic Dart            Conj           100%       1d8       1%          1
b - Searing Ray           Conj           62%        2d6       1%          2

Your spell library contained the following spells:

 Spells                   Type           Power      Damage    Failure   Level
 Dazzling Flash           Conj/Hex       34%        N/A       10%         3
 Scorch                   Fire           6%         2d5       16%         2
 Flame Wave               Conj/Fire      17%        2d7       32%         4
 Fulminant Prism          Conj/Hex       8%         3d7       32%         4
 Iskenderun's Mystic Bla  Conj/Tloc      17%        2d5       32%         4
 Summon Cactus Giant      Summ           1%         N/A       100%        6


Dungeon Overview and Level Annotations

Branches:
Dungeon (2/15) Zot: 10811

Altars:
Qazlal

Shops:
D:1 =


Message History

Robin is almost dead. (Press . to maintain the ray.) Robin hits you with a +0 dagger.
You take 2 damage, and have 17/19 hp.
You now have 0/9 mp.
Without enough magic to sustain it, your searing ray dissipates.
Robin hits you but does no damage.
You closely miss Robin. You punch Robin, but do no damage.
Robin is almost dead.
Robin roars a battlecry!
The goblins go into a battle-frenzy!
Casting: Searing Ray (safe; 1% risk of failure)
Confirm with . or Enter, or press ? or * to list all spells.
You don't have enough magic to cast this spell.
Casting: Searing Ray (safe; 1% risk of failure)
Confirm with . or Enter, or press ? or * to list all spells.
Aiming: Magic Dart (safe; 1% risk of failure)
Press: ? - help, Shift-Dir - straight line, f/p - Robin
Aim: Robin, wielding a +0 dagger, wearing a +0 animal skin and wearing a +0 helmet (almost dead, 100% to hit)
The magic dart hits Robin.
Robin is almost dead.
Robin hits you with a +0 dagger.
You take 3 damage, and have 15/19 hp.
You now have 0/9 mp.
You closely miss Robin.
Robin is almost dead.
Robin throws the goblin at you!
You take 1 damage, and have 14/19 hp.
You slash Robin!
You kill Robin!
The goblin hits you with a +0 club. The goblin hits you with a +0 dagger.
The goblin barely misses you. The goblin hits you with a +0 dagger.
* * * LOW HITPOINT WARNING * * *
You take 11 damage, and have 3/19 hp.
MASSIVE DAMAGE!!
You closely miss the goblin. The goblin barely misses you.
The goblin hits you with a +0 dagger.
* * * LOW HITPOINT WARNING * * *
You take 2 damage, and have 1/19 hp.
You slash the goblin!
You kill the goblin!
The goblin closely misses you. The goblin hits you with a +0 dagger.
You die...

#####....gg#.##.# #..>.>......#
###♣♣♣ #######gg#### ##..P.♣.
##.## ##...♣P.♣ ######g.#
##....PP♣♣ #.....g## ##.....P♣♣
## #....<.# #..####♣♣
.#####..>...######.##
)..<........)).g@).###
######......##.g.)...##########
#......##................#
#......##.._..########...#
######.##.....# #...#
#.##.....# #...# #......###
#...# ######## #####


You could see 2 goblins.

Vanquished Creatures
  Robin (D:2)
  A worm (D:2)
  A dart slug (D:2)
  A ball python (D:1)
  3 bats (D:1)
  2 endoplasms
  A giant cockroach (D:2)
  9 goblins
  3 jackals (D:2)
  4 kobolds
  2 frilled lizards (D:1)
  A rat (D:1)
29 creatures vanquished.

Notes
Turn   | Place    | Note
-------+----------+-------------------------------------------
     0 | D:1      | Psyclone the Deep Elf Conjurer began the quest for the Orb.
     0 | D:1      | Reached XP level 1. HP: 10/10 MP: 6/6
   282 | D:1      | Reached XP level 2. HP: 15/15 MP: 4/8
   317 | D:1      | Found Cetaas's Jewellery Emporium.
   565 | D:1      | Reached skill level 5 in Conjurations
   702 | D:2      | Found a stormy altar of Qazlal.
   856 | D:2      | Learned a level 2 spell: Searing Ray
  1104 | D:2      | Noticed Robin
  1105 | D:2      | Reached XP level 3. HP: 19/19 MP: 5/9
  1185 | D:2      | Killed Robin
  1187 | D:2      | Slain by a goblin

Illustrated notes

Levels and vault maps discovered:
D:1:      onia_arrival_mini_spirals, layout_loops_ring, serial_shops, shop
D:2:      layout_rooms, basic_altar, reono_crystal_passage, minmay_tetromino_l2,
          uniq_robin, uniq_jessica, uniq_crazy_yiuf_cottage

Skill      XL: |  1  2 |
---------------+-------+-----
Conjurations   | 5 |  5.8
Dodging        | |  2.4
Stealth        | |  2.4
Spellcasting   | |  3.0

Action                     || total
---------------------------++-------
  Melee: Falchion          ||     6
         Punch             ||     1
   Cast: Magic Dart        ||    45
         Searing Ray       ||     3
 Armour: Robe              ||     6
  Dodge: Dodged            ||    18
